cohdb
Replays
Latest Replays
All Replays
Popular Replays
Top Player Replays
Match Explorer
How It Works
Community
CoH3 Stats
Reddit
Sign in to upload your games and track your stats! →
Sign in with Steam
Match 20148340
Unlisted
Match 20148340
Overview
Messages
Build Orders
End
Kettenkrad Recon Vehicle
Construct Infanterie Kompanie
MG 42 Machine Gun Team
Grenadier Squad
Grenadier Squad
Pioneer Squad
Construct Panzergrenadier Kompanie
Selects Mechanized Battlegroup
251 Medium Carrier
Selects Raid Package
Panzergrenadier Officer Quarters
Pak 40 Anti-tank Gun Team
Panzergrenadier Squad
Medical Station
Selects 8 Rad Armored Car
8 Rad Armored Car
Selects UNKNOWN (2160084)
Selects Mobile Repair Stations
Support Elements
StuG III G Assault Gun
251 Medium Carrier
Selects Stoßtruppen Assault Package
Nebelwerfer 42 Rocket Launcher Team
Construct Panzer Kompanie
Selects Zeroing Artillery Barrage
Stoßtruppen Squad
Sturmpanzer IV Brummbär
Panzer Officer Quarters
Side Skirts
Stoßtruppen Squad
Panzer IV Medium Tank
MonoChrome
Zantonyo
0
0
Comments
sign in to comment!
No comments posted yet!